 Dungeon Crawl Stone Soup version 0.28.0-55-gcd9437bce4 (webtiles) character file.

Game seed: 4097438273249676445

2072 Atelerd the Covert (level 9, -2/51 HPs)
             Began as an Octopode Earth Elementalist on Jan 1, 2023.
             Slain by a sky beast (3 damage)
             ... on level 6 of the Dungeon.
             The game lasted 00:10:23 (6291 turns).

Atelerd the Covert (Octopode Earth Elementalist)    Turns: 6291, Time: 00:10:23

Health: -2/51      AC:  1    Str:  8    XL:     9   Next: 26%
Magic:  9/17       EV: 13    Int: 21    God:
Gold:   101        SH:  0    Dex: 12    Spells: 13/18 levels left

rFire   . . .      SeeInvis .   g - +2 dagger (venom)
rCold   . . .      Faith    .   (no shield)
rNeg    . . .      Spirit   .   (helmet restricted)
rPois   .          Reflect  .   (no amulet)
rElec   .          Harm     .   j - ring of wizardry
rCorr   +          Rampage  .   h - ring of resist corrosion
Will    .....                   (no ring)
Stlth   +++++.....              (no ring)
HPRegen 0.17/turn               (no ring)
MPRegen 0.15/turn               (no ring)
                                (no ring)
                                (no ring)

@: flying, very slightly contaminated
A: almost no armour, amphibious, 8 rings, camouflage 1, gelatinous body 1,
(nimble swimmer 1), tentacles
a: no special abilities


You were on level 6 of the Dungeon.
You visited 1 branch of the dungeon, and saw 6 of its levels.
You also visited: Sewer.

You collected 111 gold pieces.
You spent 10 gold pieces at shops.

Inventory:

Hand Weapons
 g - a +2 dagger of venom (weapon)
Missiles
 b - 6 stones
Armour
 s - a +1 kite shield of fire resistance
Jewellery
 h - a ring of resist corrosion (right tentacle)
 j - a ring of wizardry (left tentacle)
Wands
 l - a wand of iceblast (7)
Scrolls
 c - a scroll of vulnerability {unknown}
 e - a scroll of enchant armour
 m - a scroll of enchant weapon {unknown}
 p - a scroll of summoning
 r - a scroll of fear {unknown}
Potions
 d - a potion of degeneration
 f - a potion of magic {unknown}
 i - 2 potions of brilliance {unknown}
 k - 2 potions of lignification {unknown}
 n - a potion of flight
 o - a potion of invisibility {unknown}
 q - 2 potions of haste {unknown}
 t - a potion of cancellation {unknown}


   Skills:
 - Level 2.0 Dodging
 - Level 10.0 Stealth
 + Level 5.4 Spellcasting
 + Level 5.7 Transmutations
 + Level 6.3 Earth Magic


You had 13 spell levels left.
You knew the following spells:

 Your Spells              Type           Power      Damage    Failure   Level
a - Sandblast             Erth           64%        2d14      1%          1
p - Petrify               Tmut/Erth      31%        N/A       3%          4

Your spell library contained the following spells:

 Spells                   Type           Power      Damage    Failure   Level
 Passwall                 Tmut/Erth      25%        N/A       1%          2
 Stone Arrow              Conj/Erth      38%        3d9       3%          3
 Summon Small Mammal      Summ           20%        N/A       4%          1
 Call Canine Familiar     Summ           5%         N/A       12%         3
 Summon Guardian Golem    Hex/Summ       5%         N/A       12%         3


Dungeon Overview and Level Annotations

Branches:
Dungeon (6/15)              Sewer (visited)
 Temple: D:4-7

Altars:
Wu Jian

Shops:
D:1 !(

Annotations:
D:5 2 transporters, exclusion: downstairs, kalagan's ghost, novice DECj


Innate Abilities, Weirdness & Mutations

You cannot wear most types of armour.
You are amphibious.
You can wear up to eight rings at the same time.
Your skin changes colour to match your surroundings (Stealth+).
Your rubbery body absorbs attacks. (AC +1, EV +1)
((You are camouflaged when in or above water. (Stealth+)))
You have tentacles for arms and can constrict up to eight enemies at once.


Message History

The orc hits your shadow imp with a +0 club.
The orc hits your orc priest with a +0 mace.
Your orc wizard barely misses the orc.
The howler monkey zombie hits your ice beast.
Your ice beast completely misses the howler monkey zombie.
Your orc barely misses the orc.
Your shadow imp hits the orc but does no damage.
Your orc priest hits the orc with a +0 flail!
The orc dies!
Unknown command.
Unknown command.
It was a potion of flight.
You feel very buoyant.
You fly up into the air.
The centaur warrior zombie barely misses your ice beast.
The centaur warrior zombie kicks your ice beast but does no damage.
Something hits you.
* * * LOW HITPOINT WARNING * * *
Something shocks you.
* * * LOW HITPOINT WARNING * * *
The orc barely misses your orc priest. The orc hits your orc with a +0 whip!
Your orc dies!
Your orc's corpse dissolves into shadows!
The orc misses your shadow imp.
Your orc wizard hits the orc with a +0 dagger.
The howler monkey zombie hits your ice beast but does no damage.
The centaur warrior zombie closely misses your ice beast.
The centaur warrior zombie kicks your ice beast.
Your shadow imp hits the orc but does no damage.
Your ice beast hits the centaur warrior zombie.
Your ice beast freezes the centaur warrior zombie.
The centaur warrior zombie resists.
Your orc priest invokes the aid of Beogh against the orc.
The orc writhes in agony!
The orc dies!
As you read the scroll of summoning, it crumbles to dust.
Wisps of shadow whirl around you...
A sky beast appears from thin air!
Reactivating autopickup.
The sky beast hits you.
You die...

#≈........# ..
#...$...#.# .#
#.........#
######.......#.#
#..............#
#..##.#......#.
##.ZZZ########
###YY# ##@+ #5#


oo# .))o #.... #..o.# #.(..# #....# You could see a sky beast, 2 orcs, a centaur
warrior zombie (ally target), a howler monkey zombie (ally target), a friendly
ice beast (summoned), a friendly orc priest (summoned), a friendly orc wizard
(summoned), a friendly shadow imp (summoned) and a friendly killer bee zombie
(summoned, wandering).

Vanquished Creatures
  Eustachio (D:4)
  An acid dragon (D:6)
  Duvessa (D:4)
  A water moccasin (D:5)
  An ice beast (D:5)
  A necrophage (D:5)
  3 ogres (D:5)
  A phantom (D:5)
  4 kobold brigands (Sewer)
  A gnoll sergeant (D:5)
  A scorpion (D:5)
  A bullfrog (D:4)
  A wyvern zombie (D:5)
  Dowan (D:4)
  An orc priest (D:4)
  2 hounds (D:5)
  Terence (D:3)
  An iguana (D:5)
  A scorpion zombie (D:5)
  Natasha (twice) (D:3)
  Robin (D:2)
  4 gnolls
  A howler monkey skeleton (D:5)
  12 adders
  4 river rats
  13 worms
  A dart slug (D:3)
  4 orcs
  8 endoplasms
  8 hobgoblins (D:2)
  3 jackals
  5 kobolds
  4 quokkas
  5 ball pythons
  3 bats
  5 frilled lizards
  16 goblins
  3 rats
127 creatures vanquished.

Vanquished Creatures (collateral kills)
  2 orcs (D:6)
2 creatures vanquished.

Grand Total: 129 creatures vanquished

Notes
Turn   | Place    | Note
-------+----------+-------------------------------------------
     0 | D:1      | Atelerd the Octopode Earth Elementalist began the quest for
                  | the Orb.
     0 | D:1      | Reached XP level 1. HP: 11/11 MP: 3/3
   332 | D:1      | Found Zol Noqae's Distillery.
   340 | D:1      | Reached XP level 2. HP: 17/17 MP: 5/5
   342 | D:1      | Bought a potion of degeneration for 10 gold pieces
   477 | D:1      | Found Buasaim's Armour Shop.
   492 | D:1      | Found a faded altar of an unknown god.
   509 | D:1      | Found Ylurghaih's Antique Weapon Boutique.
  1134 | D:2      | Reached XP level 3. HP: 21/21 MP: 6/6
  1342 | D:2      | Noticed Robin
  1615 | D:3      | Reached skill level 3 in Stealth
  1876 | D:2      | Killed Robin
  1877 | D:2      | Reached XP level 4. HP: 27/27 MP: 4/7
  2214 | D:3      | Noticed Terence
  2222 | D:3      | Killed Terence
  2500 | D:3      | Reached skill level 4 in Stealth
  2628 | D:3      | Noticed Natasha
  2630 | D:3      | Killed Natasha
  2631 | D:3      | Reached XP level 5. HP: 31/31 MP: 9/9
  2670 | D:3      | Noticed Natasha
  2677 | D:3      | Killed Natasha
  2837 | D:4      | Reached skill level 5 in Stealth
  2839 | D:4      | Reached XP level 6. HP: 16/36 MP: 8/10
  3024 | D:4      | Found an ornate altar of the Wu Jian Council.
  3124 | D:4      | Noticed Duvessa
  3133 | D:4      | Learned a level 4 spell: Petrify
  3158 | D:4      | Noticed Dowan
  3164 | D:4      | Killed Duvessa
  3170 | D:4      | Killed Dowan
  3171 | D:4      | Reached skill level 6 in Stealth
  3279 | D:4      | Noticed Eustachio
  3287 | D:4      | Killed Eustachio
  3288 | D:4      | Reached XP level 7. HP: 38/41 MP: 8/12
  3307 | D:5      | Entered Level 5 of the Dungeon
  3409 | D:5      | Reached skill level 7 in Stealth
  3476 | D:5      | Reached skill level 5 in Earth Magic
  3509 | D:5      | Found a transporter.
  3604 | D:5      | Reached XP level 8. HP: 46/46 MP: 14/14
  3628 | D:5      | Reached skill level 8 in Stealth
  3739 | D:5      | Found a glowing drain.
  3747 | Sewer    | Entered a sewer
  4510 | Sewer    | Reached skill level 9 in Stealth
  5298 | D:5      | Found a transporter.
  5299 | D:5      | Noticed kalagan's ghost (novice DECj)
  5374 | D:5      | Reached skill level 5 in Spellcasting
  5374 | D:5      | Reached skill level 5 in Transmutations
  5464 | D:5      | Reached XP level 9. HP: 35/51 MP: 13/16
  5590 | D:5      | Reached skill level 10 in Stealth
  6019 | D:6      | HP: 1/51 [scorpion (3)]
  6290 | D:6      | HP: 1/51 [something (5)]
  6291 | D:6      | Slain by a sky beast

Illustrated notes

Levels and vault maps discovered:
D:1:      sevenhm_arrival_forest_fort_large_4, layout_basic,
          chequers_ecumenical_altar_simple_redux, serial_shops, shop,
          nicolae_shop_statue_plus, shop, minmay_misc_feat_x
D:2:      minmay_diamond_boxcup, layout_rooms, uniq_robin
D:3:      layout_basic, minmay_crystal_water, uniq_natasha, uniq_terence
D:4:      layout_cave_pools, nzn_wu_jian_contemplation, uniq_duvessa,
          uniq_eustachio, uniq_pikel
D:5:      layout_rooms, gammafunk_ghost_mausoleum, lightli_sewer_entry_pipes
D:6:      layout_rooms, dk_noncrumbling_2, abandoned_shop, serial_bayou_pond_d

Skill      XL: |  1  2  3  4  5  6  7  8  9 |
---------------+----------------------------+-----
Transmutations | 2 3 4 5 |  5.7
Stealth        | 3 4 5 6 7 9 10 | 10.0
Spellcasting   | 3 4 5 |  5.4
Earth Magic    | 4 5 6 |  6.3
Dodging        | |  2.0

Action                   |  1- 3 |  4- 6 |  7- 9 || total
-------------------------+-------+-------+-------++-------
Melee: Unarmed           |     9 |       |       ||     9
       Tentacles         |    10 |    14 |    17 ||    41
       Constrict         |     9 |    10 |    17 ||    36
       Dagger            |    26 |    45 |    82 ||   153
       Punch             |       |     2 |     1 ||     3
 Cast: Sandblast         |    24 |    11 |    63 ||    98
       Petrify           |       |     4 |     7 ||    11
  Use: Scroll            |       |     2 |     2 ||     4
       Potion            |       |       |     4 ||     4
 Stab: Sleeping          |     6 |    11 |    25 ||    42
       Petrified         |       |    10 |    10 ||    20
Armor: Skin              |     5 |     1 |     3 ||     9
Dodge: Dodged            |    12 |    17 |    54 ||    83
